AoeStats
← Magnus1497

Four Lakes

509805724Analyzed
1v1 RM · 3d ago on Sep 28, 2026· 62m 23s· 2 players
Game mode
Random Map
Map size
Tiny (2 player)
Population
200
Speed
Normal
Resources
Standard
Victory
Conquest
Starting age
Dark Age
Ending age
Imperial Age
RankedLock teamsTeams togetherTeam positionsShared explorationLock speedFull tech treeHidden civsTurbo modeCheats
Victory
Defeat
🇨🇦 Britons · Canada
403
+18
🇲🇽 Celts · Mexico
449
-18
mazenhassan23
10:36 Feudal Age
17:39 Castle Age
15:54 Double-Bit Axe
15:52 Horse Collar
22:41 Wheelbarrow
22:09 Town Watch
22:59 Husbandry
26:13 Hand Cart
27:02 Gold Mining
27:03 Stone Mining
29:44 Town Patrol
31:06 Squires
30:51 Gambesons
30:27 Man-at-Arms
32:18 Heavy Plow
36:49 Imperial Age
35:21 Forging
35:14 Scale Mail Armor
35:19 Scale Barding Armor
35:04 Crossbowman
35:11 Long Swordsman
36:30 Fletching
36:42 Padded Archer Armor
37:43 Iron Casting
39:43 Cavalier
39:49 Arbalester
39:53 Two-Handed Swordsman
42:36 Conscription
42:55 Hoardings
43:31 Champion
43:52 Pikeman
46:37 Chemistry
45:50 Masonry
45:35 Murder Holes
46:01 Ballistics
45:32 Heated Shot
46:45 Blast Furnace
45:42 Bodkin Arrow
46:03 Leather Archer Armor
46:03 Chain Mail Armor
46:09 Chain Barding Armor
45:55 Halberdier
50:27 Arson
Magnus1497
10:09 Feudal Age
11:02 Double-Bit Axe
11:11 Gold Mining
13:35 Fishing Lines
15:02 Horse Collar
21:10 Castle Age
19:41 Scale Barding Armor
24:41 Pikeman
25:07 Gambesons
24:45 Light Cavalry
27:05 Forging
30:56 Fletching
33:31 Husbandry
35:31 Chain Barding Armor
35:47 Iron Casting
35:13 Scale Mail Armor
37:58 Imperial Age
36:46 Iron Casting
36:16 Scale Mail Armor
36:05 Arson
37:36 Gold Shaft Mining
38:54 Cavalier
38:56 Hussar
40:55 Wheelbarrow
39:58 Man-at-Arms
42:27 Paladin
43:11 Halberdier
43:13 Long Swordsman
45:31 Bow Saw
45:24 Heavy Plow
48:16 Blast Furnace
47:31 Chain Mail Armor
47:15 Bodkin Arrow
49:13 Hoardings
50:58 Hand Cart
50:29 Loom
50:30 Town Watch
51:03 Gillnets
51:41 Gillnets
53:49 Stone Mining
54:57 Plate Mail Armor
54:28 Padded Archer Armor
55:40 Town Patrol
56:56 Two-Handed Swordsman
58:59 Ballistics
59:40 Chemistry
59:02 Shipwright
59:56 Champion
Connection lost

Rejoining the realm…

Still unreachable

The connection could not be restored.

Session expired

The server has moved on; the page needs a fresh start.